 Dungeon Crawl Stone Soup version 0.32-a0-312-g1d7162e751 (webtiles) character file.

Game seed: 514154149181715133

123 Essalna the Digger (level 4, -1/24 HPs)
             Began as a Deep Elf Earth Elementalist on Feb 15, 2024.
             Slain by Sigmund
             ... wielding a +0 scythe
              (8 damage)
             ... on level 2 of the Dungeon.
             The game lasted 00:01:55 (1118 turns).

Essalna the Digger (Deep Elf Earth Elementalist)    Turns: 1118, Time: 00:01:55

Health: -1/24      AC:  2    Str:  5    XL:     4   Next: 80%
Magic:  8/12       EV: 12    Int: 22    God:
Gold:   78         SH:  0    Dex: 15    Spells: 11/12 levels left

rFire   . . .        d - +0 dagger
rCold   . . .        (no shield)
rNeg    . . .        a - +0 robe
rPois   .            (no helmet)
rElec   .            (no cloak)
rCorr   .            (no gloves)
SInv    .            (no boots)
Will    .....        (no amulet)
Stlth   ++           (no ring)
HPRegen 0.24/turn    (no ring)
MPRegen 0.13/turn

%: no passive effects
@: no status effects
A: no striking features
a: no special abilities


You were on level 2 of the Dungeon.
You visited 1 branch of the dungeon, and saw 2 of its levels.

You collected 78 gold pieces.

Inventory:

Hand Weapons
 d - a +0 dagger (weapon)
Armour
 a - a +0 robe (worn)
Scrolls
 e - 4 scrolls of vulnerability {unknown}
 f - a scroll of amnesia {unknown}
 i - a scroll of teleportation {unknown}
Potions
 b - a potion of magic
 g - a potion of haste {unknown}
 h - a potion of mutation {unknown}


   Skills:
 - Level 2.4 Dodging
 - Level 2.4 Stealth
 + Level 4.9 Spellcasting
 + Level 1.3 Conjurations
 + Level 5.1 Earth Magic


You had 11 spell levels left.
You knew the following spells:

 Your Spells              Type           Power      Damage    Failure   Level
a - Sandblast             Erth           54%        2d13      1%          1

Your spell library contained the following spells:

 Spells                   Type           Power      Damage    Failure   Level
 Passwall                 Erth           27%        N/A       3%          3
 Sting                    Conj/Alch      32%        1d5       8%          1
 Stone Arrow              Conj/Erth      38%        3d9       9%          3
 Mercury Vapours          Alch/Air       10%        N/A       16%         2
 Brom's Barrelling Bould  Conj/Erth      19%        2d4       26%         4
 Petrify                  Alch/Erth      16%        N/A       34%         4
 Olgreb's Toxic Radiance  Alch           5%         N/A       71%         4


Dungeon Overview and Level Annotations

Branches:
Dungeon (2/15)

Altars:

Annotations:
D:2 Sigmund


Message History

It was a potion of cancellation.
Your magical effects are unravelling.
You feel magically purged.
You feel less confused. Sigmund gestures at you while chanting.
The magic dart hits you.
Casting: Sandblast (safe; 1% risk of failure)
Confirm with . or Enter, or press ? or * to list all spells.
Aiming: Sandblast (safe; 1% risk of failure)
Press: ? - help, Shift-Dir - straight line, f/p - Sigmund
Aim: Sigmund, wielding a +0 scythe and wearing a +0 robe (81% to hit)
The blast of sand misses Sigmund.
The blast of sand hits the kobold!
You kill the kobold!
Sigmund points at you and mumbles some strange words.
The puff of flame hits you.
Casting: Sandblast (safe; 1% risk of failure)
Confirm with . or Enter, or press ? or * to list all spells.
Aiming: Sandblast (safe; 1% risk of failure)
Press: ? - help, Shift-Dir - straight line, f/p - Sigmund
Aim: Sigmund, wielding a +0 scythe and wearing a +0 robe (81% to hit)
The blast of sand hits Sigmund.
Sigmund is lightly wounded.
Sigmund hits you from afar with a +0 scythe!
* * * LOW HITPOINT WARNING * * *
Casting: Sandblast (safe; 1% risk of failure)
Confirm with . or Enter, or press ? or * to list all spells.
Aiming: Sandblast (safe; 1% risk of failure)
Press: ? - help, Shift-Dir - straight line, f/p - Sigmund
Aim: Sigmund, wielding a +0 scythe and wearing a +0 robe (lightly wounded, 81% to hit)
The blast of sand misses Sigmund.
Sigmund misses you.
Casting: Sandblast (safe; 1% risk of failure)
Confirm with . or Enter, or press ? or * to list all spells.
Aiming: Sandblast (safe; 1% risk of failure)
Press: ? - help, Shift-Dir - straight line, f/p - Sigmund
Aim: Sigmund, wielding a +0 scythe and wearing a +0 robe (lightly wounded, 81% to hit)
The blast of sand hits Sigmund!
Sigmund is severely wounded.
Sigmund hits you from afar with a +0 scythe!
You die...
Sigmund begins carving another notch in his scythe.

........).># #.#
##.#.#####.# #.# #.#.#
#.# #.# #.#.# #.# #.#
#.#.#####.# #.#
#.#.##....# #.#
#.<.##.#### #.#
##....†.# #.#
......####### #@#
##.#....#...# #.#
...#....#...####@#
........#.......)#
........#........#
.).#....#........#######
...#.÷..+...............
...##...########.#######
##.##...########.#


You could see Sigmund.

Vanquished Creatures
  3 gnolls (D:2)
  3 adders (D:2)
  2 bats (D:1)
  2 giant cockroaches (D:2)
  4 goblins
  4 hobgoblins
  4 jackals (D:1)
  5 quokkas
  A ball python (D:1)
  A frilled lizard (D:2)
  5 kobolds
  7 rats
41 creatures vanquished.

Notes
Turn   | Place    | Note
-------+----------+-------------------------------------------
     0 | D:1      | Essalna the Deep Elf Earth Elementalist began the quest for
                  | the Orb.
     0 | D:1      | Reached XP level 1. HP: 10/10 MP: 6/6
    55 | D:1      | Reached XP level 2. HP: 15/15 MP: 4/8
   265 | D:1      | Reached skill level 4 in Earth Magic
   472 | D:1      | Reached XP level 3. HP: 19/19 MP: 8/10
   812 | D:2      | Reached XP level 4. HP: 24/24 MP: 6/12
   885 | D:2      | Reached skill level 5 in Earth Magic
  1083 | D:2      | Noticed Sigmund
  1118 | D:2      | Slain by Sigmund

Illustrated notes

Levels and vault maps discovered:
D:1:      dpeg_arrival_stone_temple_mockup, layout_basic, minmay_distorted
D:2:      layout_basic, uniq_sigmund

Skill      XL: |  1  2  3  4 |
---------------+-------------+-----
Earth Magic    | 4 5 |  5.1
Spellcasting   | 4 |  4.9
Dodging        | |  2.4
Stealth        | |  2.4
Conjurations   | |  1.3

Action                     |  1- 3 |  4- 6 || total
---------------------------+-------+-------++-------
  Melee: Dagger            |     1 |     2 ||     3
   Cast: Sandblast         |    38 |    21 ||    59
    Use: Potion            |       |     1 ||     1
 Armour: Robe              |     5 |    14 ||    19
  Dodge: Dodged            |    16 |    17 ||    33

Table legend: (Time is in decaauts)
 A = Elapsed time spent in this place.
 B = Non-inter-level travel time spent in this place.
 C = Inter-level travel time spent in this place.
 D = Time resting spent in this place.
 E = Time spent auto-exploring this place.
 F = Levels seen in this place.
 G = Mean time per level.
                   A        B        C        D        E       F      G
               +--------+--------+--------+--------+--------+-----+--------+
         Total |   1146 |   1125 |     21 |      0 |    905 |   2 |  573.0 |
       Dungeon |   1146 |   1125 |     21 |      0 |    905 |   2 |  573.0 |
               +--------+--------+--------+--------+--------+-----+--------+

Top non-repeatable levels by time:
     D:1: 810 daAuts
     D:2: 336 daAuts
